 Dungeon Crawl Stone Soup version 0.28-a0-577-gb193047a1f (webtiles) character file.

Game seed: 5940541325225944350

1568 demibob the Spear-Bearer (level 8, 0/53 (56) HPs)
             Began as a Merfolk Gladiator on Oct 2, 2021.
             Was a Follower of Ashenzari.
             Succumbed to Psyche's poison
             ... on level 8 of the Dungeon.
             The game lasted 00:12:48 (6439 turns).

demibob the Spear-Bearer (Merfolk Gladiator)        Turns: 6439, Time: 00:12:49

HP:   0/53 (56)     AC:  5    Str: 15    XL:     8   Next: 90%
MP:   7/8           EV: 21    Int:  8    God:    Ashenzari [*.....]
Gold: 342           SH:  5    Dex: 16    Spells: 7/7 levels left

rFire   . . .      SeeInvis .   a - +0 trident
rCold   . . .      Faith    .   (no shield)
rNeg    . . .      Spirit   .   b - +0 leather armour
rPois   .          Reflect  +   c - +0 helmet of the Shackled Sage {Melee, Comp} (curse)
rElec   .          Harm     .   (no cloak)
rCorr   +          Rampage  .   (no gloves)
Will    .....                   m - +0 pair of boots
Stlth   +.........              p - amulet of the Wild Blue Yonder {Reflect SH+5, Melee, Fort} (curse)
HPRegen 0.17/turn               R - ring of resist corrosion
MPRegen 0.11/turn               E - +4 ring of evasion

@: mighty, lethally poisoned (0 -> -12), very slightly contaminated, drained
A: (nimble swimmer 2), mertail
a: Renounce Religion, Shatter the Chains


You were on level 8 of the Dungeon.
You worshipped Ashenzari.
Ashenzari was aware of your devotion.
You visited 1 branch of the dungeon, and saw 8 of its levels.

You collected 342 gold pieces.


Innate Abilities, Weirdness & Mutations

((You are quick and stealthy near water. (Stealth+, EV+, Speed+++)))
Your lower body shifts to a powerful aquatic tail in water.


   Skills:
 - Level 2.1 Fighting
 + Level 11.7(13.3) Polearms
 - Level 2.0 Throwing
 + Level 10.8 Dodging


You had 7 spell levels left.
You didn't know any spells.
Your spell library contained the following spells:

 Spells                   Type           Power      Damage    Failure   Level
 Sting                    Tmut/Pois      0%         1d3       47%         1
 Sublimation of Blood     Necr           0%         N/A       61%         2
 Poisonous Vapours        Pois/Air       0%         N/A       63%         2
 Wereblood                Tmut           0%         N/A       63%         2
 Olgreb's Toxic Radiance  Pois           0%         N/A       99%         4
 Summon Hydra             Summ           0%         N/A       100%        7

Inventory:

Hand Weapons
 a - a +0 trident (weapon)
Missiles
 d - a throwing net (quivered) {=f}
Armour
 b - a +0 leather armour (worn)
 c - the cursed +0 helmet of the Shackled Sage (worn) {Melee, Comp}

   It has a curse which improves the following skills: Melee Combat: Short
   Blades, Long Blades, Axes, Maces & Flails, Polearms, Staves and Unarmed
   Combat.
   Companions: Summonings and Necromancy.
 m - a +0 pair of boots (worn)
Magical Staves
 f - a staff of poison {!a}
Jewellery
 j - an amulet of the acrobat
 p - the cursed amulet of the Wild Blue Yonder (around neck) {Reflect SH+5, Melee, Fort}
   (You found it on level 5 of the Dungeon)

   [amulet of reflection]

   It reflects blocked missile attacks.
   SH:        It affects your SH (+5).
   It has a curse which improves the following skills: Melee Combat: Short
   Blades, Long Blades, Axes, Maces & Flails, Polearms, Staves and Unarmed
   Combat.
   Fortitude: Armour and Shields.
 C - a ring of protection from cold
 E - a +4 ring of evasion (right hand)
 N - a ring of positive energy
 R - a ring of resist corrosion (left hand)
Scrolls
 h - a scroll of blinking
 l - a scroll of magic mapping
 o - 3 scrolls of amnesia
Potions
 e - a potion of ambrosia
 k - 2 potions of brilliance
 n - a potion of flight

Dungeon Overview and Level Annotations

Branches:
Dungeon (8/15)             Temple (0/1) D:6
   Lair: D:8-11

Altars:
Ashenzari
Cheibriados
Elyvilon
Uskayaw
Xom

Shops:
D:2 [   D:4 (   D:5 ([

Annotations:
D:7 Maggie
D:8 Psyche

..# #$# #.#
########.# #.........
#........# #........#
.......@#
####....####
#####.....## ###
##..........###...##
#[..................
#................#
#...[.....@....#....#
#..............# ...
#........>ยง....#


D You could see Psyche.


Message History

You barely miss something.
You hear some strange, mumbled words.
A swirling arc of seething chaos appears!
An arc of chaos appears from out of thin air!
The arc of chaos hits you.
You feel drained.
* * * LOW HITPOINT WARNING * * *
You miss something. Something closely misses you.
You miss something. Something hits you.
* * * LOW HITPOINT WARNING * * *
You feel your power leaking away.
You hit something.
You hear some strange, mumbled words.
Something tries to affect you, but you resist.
You barely miss something. You miss something. Something hits you.
* * * LOW HITPOINT WARNING * * *
You closely miss something. You closely miss something. Something hits you!
* * * LOW HITPOINT WARNING * * *
You are lethally poisoned!
Okay, then.
Blink to where?
Press: ? - help, Dir - move target
Found 16 gold pieces.
As you read the scroll of blinking, it crumbles to dust.
* * * LOW HITPOINT WARNING * * *
You feel very sick.
Psyche appears from thin air!
Reactivating autopickup.
You die...

Skill      XL: |  1  2  3  4  5  6  7  8 |
---------------+-------------------------+-----
Polearms       | 5 6 7 8 10 11 | 11.7
Dodging        | 5 6 8 9 10 | 10.8
Fighting       | |  2.1
Throwing       | |  2.0

Action                   |  1- 3 |  4- 6 |  7- 9 || total
-------------------------+-------+-------+-------++-------
Melee: Trident           |   108 |   124 |   295 ||   527
Throw: Throwing net      |       |       |     2 ||     2
Invok: Curse Item        |       |     1 |     1 ||     2
Evoke: Wand              |       |     6 |       ||     6
  Use: Potion            |       |     2 |     1 ||     3
       Scroll            |       |       |     3 ||     3
 Stab: Sleeping          |       |       |     1 ||     1
Armor: Leather armour    |    20 |    19 |    27 ||    66
Dodge: Dodged            |    47 |   132 |   129 ||   308
Block: Other             |       |       |     9 ||     9

Levels and vault maps discovered:
D:1:      roderic_octagonal_star, layout_loops_ring,
          hellmonk_ecumenical_altar_watching_god
D:2:      layout_basic, serial_shops, shop, minmay_misc_feat_cross
D:3:      layout_loops_ring, chequers_serial_rivers_small_b
D:4:      layout_rooms, overflow_temple_1_default, mainiacjoe_overflow_alcove_1,
          nicolae_overflow_hidden_temple, nicolae_shop_firing_range
D:5:      layout_loops_corners, led_xom_imps, serial_shops, shop,
          shop_fountains, uniq_edmund, uniq_eustachio, uniq_duvessa,
          uniq_blork_the_orc
D:6:      layout_cave_pools, amcnicky_altar_gilded, minmay_temple_entry_mist,
          minmay_misc_feat_four_crosses
D:7:      layout_basic, uniq_maggie
D:8:      layout_rooms, kennysheep_little_box, gammafunk_ghost_hydra_chop,
          moated_statue, uniq_grum, uniq_psyche

Notes
Turn   | Place    | Note
-------+----------+-------------------------------------------
     0 | D:1      | demibob the Merfolk Gladiator began the quest for the Orb.
     0 | D:1      | Reached XP level 1. HP: 16/16 MP: 1/1
   185 | D:1      | Reached XP level 2. HP: 22/22 MP: 2/2
   347 | D:1      | Reached skill level 5 in Polearms
   379 | D:1      | Noticed a floating eye
   382 | D:1      | Found a faded altar of an unknown god.
   383 | D:1      | Noticed a shining eye
   383 | D:1      | Noticed an eye of devastation
   383 | D:1      | Noticed a great orb of eyes
   390 | D:1      | Became a worshipper of Ashenzari the Shackled
   812 | D:2      | Reached XP level 3. HP: 26/27 MP: 3/3
   896 | D:2      | Found Tidav's Antique Armour Boutique.
   949 | D:2      | Reached skill level 5 in Dodging
  1674 | D:3      | Reached XP level 4. HP: 14/33 MP: 4/4
  1999 | D:3      | Reached skill level 6 in Polearms
  2414 | D:4      | Noticed an ogre
  2574 | D:3      | Reached XP level 5. HP: 38/38 MP: 5/5
  2621 | D:4      | Reached skill level 6 in Dodging
  2627 | D:4      | Killed an ogre
  2628 | D:4      | Reached skill level 7 in Polearms
  2651 | D:4      | Found a snail-covered altar of Cheibriados.
  2665 | D:4      | Found a broken altar of Ashenzari.
  2744 | D:4      | Found Geufa's Firing Range.
  2829 | D:4      | Found a white marble altar of Elyvilon.
  2902 | D:4      | Reached XP level 6. HP: 44/44 MP: 6/6
  2934 | D:5      | Entered Level 5 of the Dungeon
  2960 | D:5      | Noticed Eustachio
  2998 | D:5      | Killed Eustachio
  2999 | D:5      | Reached skill level 8 in Polearms
  2999 | D:5      | Reached skill level 7 in Dodging
  3244 | D:5      | Found Hekkant's Antique Armour Shoppe.
  3297 | D:5      | Noticed Duvessa
  3297 | D:5      | Noticed Dowan
  3319 | D:5      | Killed Dowan
  3323 | D:5      | Killed Duvessa
  3324 | D:5      | Reached skill level 8 in Dodging
  3324 | D:5      | Reached XP level 7. HP: 40/50 MP: 7/7
  3409 | D:5      | Found a shimmering altar of Xom.
  3437 | D:5      | Reached skill level 9 in Polearms
  3716 | D:5      | Noticed Edmund
  4066 | D:5      | Reached skill level 9 in Dodging
  4111 | D:5      | Reached skill level 10 in Polearms
  4111 | D:5      | Reached XP level 8. HP: 25/56 MP: 8/8
  4261 | D:5      | HP: 5/56 [Edmund (8)]
  4262 | D:5      | Killed Edmund
  4713 | D:5      | Noticed Blork the orc
  4727 | D:5      | Killed Blork the orc
  4741 | D:5      | Reached skill level 10 in Dodging
  4863 | D:5      | Found Ewiussu's Antique Weapon Shop.
  4922 | D:5      | Reached skill level 11 in Polearms
  5386 | D:6      | Found a staircase to the Ecumenical Temple.
  5641 | D:6      | Found a hide-covered altar of Uskayaw.
  5833 | D:7      | Noticed Maggie
  5834 | D:7      | >>hi
  6068 | D:7      | Reached * piety under Ashenzari
  6389 | D:8      | Noticed Psyche
  6438 | D:8      | HP: 3/53 [poisoned by Psyche]
  6439 | D:8      | Succumbed to Psyche's poison

Vanquished Creatures
  Eustachio (D:5)
  Edmund (D:5)
  A water moccasin (D:6)
  Duvessa (D:5)
  A black bear (D:5)
  A sky beast (D:6)
  A necrophage (D:5)
  2 ogres
  Blork the orc (D:5)
  Dowan (D:5)
  4 crimson imps (D:5)
  A bullfrog zombie (D:5)
  A hound (D:3)
  A centaur skeleton (D:7)
  2 orc priests
  An iguana (D:7)
  An orc wizard (D:7)
  2 hound skeletons
  8 adders
  A shadow imp (D:6)
  An ufetubus (D:3)
  A worm (D:5)
  2 dart slugs (D:5)
  10 orcs
  4 bats
  5 endoplasms
  3 giant cockroaches
  5 goblins
  5 hobgoblins
  6 kobolds
  5 quokkas
  6 ball pythons
  3 frilled lizards
  6 rats
95 creatures vanquished.

Table legend: (Time is in decaauts)
 A = Elapsed time spent in this place.
 B = Non-inter-level travel time spent in this place.
 C = Inter-level travel time spent in this place.
 D = Time resting spent in this place.
 E = Time spent auto-exploring this place.
 F = Levels seen in this place.
 G = Mean time per level.
                   A        B        C        D        E       F      G
               +--------+--------+--------+--------+--------+-----+--------+
         Total |   6349 |   6095 |    254 |   1520 |   3544 |   8 |  793.6 |
       Dungeon |   6349 |   6095 |    254 |   1520 |   3544 |   8 |  793.6 |
               +--------+--------+--------+--------+--------+-----+--------+

Top non-repeatable levels by time:
     D:5: 2024 daAuts
     D:3: 1185 daAuts
     D:6: 761 daAuts
     D:1: 739 daAuts
     D:2: 647 daAuts
     D:7: 373 daAuts
     D:4: 360 daAuts
     D:8: 258 daAuts

Table legend:
 A = Non-vault XP
 B = Vault XP
 C = Vault XP percentage of total XP
 D = Non-vault monster count
 E = Vault monster count
 F = Vault count percentage of total count
                 A         B        C        D         E       F
            +---------+---------+-------+---------+---------+-------
      Total |    1353 |     888 |  39.6 |      86 |       9 |   9.5
            +---------+---------+-------+---------+---------+-------
        D:1 |      28 |       0 |   0.0 |      17 |       0 |   0.0
        D:2 |      33 |       0 |   0.0 |      13 |       0 |   0.0
        D:3 |     110 |       0 |   0.0 |      17 |       0 |   0.0
        D:4 |     149 |       0 |   0.0 |      10 |       0 |   0.0
        D:5 |     380 |     888 |  70.0 |      11 |       9 |  45.0
        D:6 |     490 |       0 |   0.0 |      11 |       0 |   0.0
        D:7 |     163 |       0 |   0.0 |       7 |       0 |   0.0
            +---------+---------+-------+---------+---------+-------
